 Dungeon Crawl Stone Soup version 0.18.1-50-g88ac8fd (webtiles) character file.

59 KarmaPolice the Vexing (level 3, -3/24 HPs)
             Began as a Vampire Enchanter on Sept 27, 2016.
             Killed by nerve-wracking pain
             ... invoked by Jessica
              (12 damage)
             ... on level 2 of the Dungeon.
             The game lasted 00:02:46 (1429 turns).

KarmaPolice the Vexing (Vampire Enchanter)          Turns: 1429, Time: 00:02:48

Health: -3/24      AC:  3    Str:  7    XL:     3   Next: 78%
Magic:  0/6        EV: 12    Int: 18    God:
Gold:   54         SH:  0    Dex: 14    Spells: 2 memorised, 4 levels left

rFire  . . .     SeeInvis +     k - +1 dagger (speed)
rCold  + . .     Gourm    .     b - +1 robe
rNeg   + + .     Faith    .     (no shield)
rPois  +         Spirit   .     (no helmet)
rElec  .         Dismiss  .     (no cloak)
rCorr  .         Reflect  .     (no gloves)
SustAt .         Harm     .     (no boots)
MR     .....                    (no amulet)
Stlth  +++.......               (no ring)
                                (no ring)

@: regenerating slowly, not resistant to hostile enchantments, fairly stealthy
A: fangs 3, see invisible, unbreathing
a: Bat Form


You were on level 2 of the Dungeon.
You were very thirsty.

You visited 1 branch of the dungeon, and saw 2 of its levels.

You collected 54 gold pieces.

Inventory:

Hand Weapons
 a - a +1 dagger
 k - a +1 dagger of speed (weapon)
Armour
 b - a +1 robe (worn)
Scrolls
 e - a scroll of remove curse {unknown}
 h - 3 scrolls of fear {unknown}
 j - 2 scrolls of identify {unknown}
Potions
 d - 12 potions of blood
 f - 2 potions of lignification {unknown}
 g - a potion of might {unknown}
 i - a potion of haste {unknown}
Books
 c - a book of Maledictions

   Spells                             Type                      Level
   a - Corona                         Hexes                        1
   b - Ensorcelled Hibernation        Hexes/Ice                    2
   c - Confuse                        Hexes                        3
   d - Tukima's Dance                 Hexes                        3
   e - Dazzling Spray                 Conjuration/Hexes            3


   Skills:
 + Level 2.1 Short Blades
 - Level 2.1 Dodging
 + Level 4.9 Stealth
 + Level 2.5 Spellcasting
 + Level 5.5 Hexes


You had 4 spell levels left.
You knew the following spells:

 Your Spells              Type           Power        Failure   Level  Hunger
a - Corona                Hex            ###....      1%          1    #......
b - Ensorcelled Hibernat  Hex/Ice        ##....       12%         2    ##.....


Dungeon Overview and Level Annotations

Branches:
Dungeon (2/15)

Altars:

Annotations:
D:2 Jessica


Innate Abilities, Weirdness & Mutations

You heal slowly.
You have razor-sharp teeth.
You have supernaturally acute eyesight.
You can survive without breathing.


Message History

Casting: Ensorcelled Hibernation
Confirm with . or Enter, or press ? or * to list all spells.
Aiming: Ensorcelled Hibernation
Press: ? - help, Shift-Dir - straight line, f - Jessica
Aim: Jessica, wearing a robe (chance to defeat MR: 51%) Jessica resists with some effort.
k - a dagger of speed Jessica completely misses you.
Wield which item (- for none, * to show all)? (? for menu, Esc to quit)
Your hands tingle!
k - a +1 dagger of speed (weapon)
Jessica barely misses you.
You completely miss Jessica. You hit Jessica.
Jessica is moderately wounded.
Jessica shouts, "You are a ghastly nuisance!"
Jessica casts a spell at you. Pain shoots through your body!
Ouch! That really hurt!
You die...

<..# ...# #.# ......
...# #.##....##
...... .#.#
#.##....#. ......
.#.#
#.##....#.###).....
.#.#
#.##...%#..........
.#.#
#.##....##.........
.#.#
#.##...............
.#.###.##....##.@@.#
.).................+
.#######.######....#
.# #......###### .#
#........ ..
........# .#
.#.....## .# #.
.....# .. .. .....#


You could see Jessica.

Vanquished Creatures
  Ijyb (D:2)
  An ooze (D:2)
  A giant gecko (D:1)
  A giant cockroach (D:1)
  3 goblins
  7 jackals
  2 bats
  8 kobolds
  4 rats (D:1)
28 creatures vanquished.

Notes
Turn   | Place    | Note
--------------------------------------------------------------
     0 | D:1      | KarmaPolice the Vampire Enchanter began the quest for the Orb.
     0 | D:1      | Reached XP level 1. HP: 13/13 MP: 3/3
   184 | D:1      | Reached XP level 2. HP: 12/19 MP: 5/5
   382 | D:1      | Reached skill level 5 in Hexes
  1080 | D:2      | Learned a level 2 spell: Ensorcelled Hibernation
  1341 | D:2      | Reached XP level 3. HP: 14/24 MP: 1/6
  1416 | D:2      | Noticed Ijyb
  1422 | D:2      | Noticed Jessica
  1423 | D:2      | Killed Ijyb
  1429 | D:2      | Killed from afar by Jessica

Skill      XL: |  1  2  3 |
---------------+----------+-----
Hexes          | 5 |  5.5
Short Blades   | 2 |  2.1
Dodging        | |  2.1
Stealth        | |  4.9
Spellcasting   | |  2.5

Action                   || total
-------------------------++-------
Melee: Dagger            ||    99
       Bite              ||     9
 Cast: Ensorcelled Hiber ||     5
 Stab: Sleeping          ||     7
Armor: Robe              ||    20
Dodge: Dodged            ||    60
